 Dungeon Crawl Stone Soup version 0.31-a0-210-gccc998df9b (webtiles) character file.

Game seed: 12163220833374013808

141 Ijustatesigmund the Stinger (level 5, 0/34 HPs)
             Began as an Octopode Venom Mage on June 30, 2023.
             Slain by a water moccasin (9 damage)
             ... on level 3 of the Dungeon.
             The game lasted 00:04:23 (2864 turns).

Ijustatesigmund the Stinger (Octopode Venom Mage)   Turns: 2864, Time: 00:04:24

Health: 0/34       AC:  1    Str:  7    XL:     5   Next: 24%
Magic:  8/9        EV: 13    Int: 20    God:
Gold:   201        SH:  0    Dex: 12    Spells: 3/9 levels left

rFire   . . .        c - +0 trident
rCold   . . .        (no shield)
rNeg    + . .        (helmet restricted)
rPois   .            (no amulet)
rElec   .            b - ring of positive energy
rCorr   .            (no ring)
SInv    .            (no ring)
Will    +....        (no ring)
Stlth   +++          (no ring)
HPRegen 0.25/turn    (no ring)
MPRegen 0.11/turn    (no ring)
                     (no ring)

%: no passive effects
@: lethally poisoned (0 -> -17), enlightened, flying
A: almost no armour, amphibious, 8 rings, camouflage 1, gelatinous body 1,
(nimble swimmer 1), tentacles
a: no special abilities


You were on level 3 of the Dungeon.
You visited 1 branch of the dungeon, and saw 3 of its levels.

You collected 201 gold pieces.

Inventory:

Hand Weapons
 c - a +0 trident (weapon)
Jewellery
 b - a ring of positive energy (left tentacle)
 d - a +5 ring of evasion
Potions
 a - a potion of magic
 g - a potion of berserk rage {unknown}


   Skills:
 + Level 2.1 Fighting
 - Level 2.0 Dodging
 - Level 2.6 Stealth
 + Level 2.8 Spellcasting
 + Level 1.4 Conjurations
 - Level 1.0 Transmutations
 + Level 1.7 Air Magic
 + Level 4.5 Poison Magic


You had 3 spell levels left.
You knew the following spells:

 Your Spells              Type           Power      Damage    Failure   Level
a - Sting                 Tmut/Pois      56%        1d5       4%          1
b - Poisonous Vapours     Pois/Air       30%        N/A       6%          2
c - Mephitic Cloud        Conj/Pois/Air  13%        N/A       16%         3

Your spell library contained the following spells:

 Spells                   Type           Power      Damage    Failure   Level
 Olgreb's Toxic Radiance  Pois           21%        N/A       22%         4


Dungeon Overview and Level Annotations

Branches:
Dungeon (3/15)

Altars:
Hepliaklqana
Zin


Innate Abilities, Weirdness & Mutations

You cannot wear most types of armour.
You are amphibious.
You can wear up to eight rings at the same time.
Your skin changes colour to match your surroundings (Stealth+).
Your rubbery body absorbs attacks. (AC +1, EV +1)
((You are camouflaged when in or above water. (Stealth+)))
You have tentacles for arms and can constrict up to eight enemies at once.


Message History

It was a potion of enlightenment.
You feel very buoyant.
You fly up into the air.
You feel sick.
The water moccasin looks more healthy.
The water moccasin bites you.
* * * LOW HITPOINT WARNING * * *
It was a potion of curing.
You feel better. The water moccasin misses you.
You miss the water moccasin. Your grab misses the water moccasin.
The water moccasin is moderately wounded.
The water moccasin barely misses you. The water moccasin misses you.
You hit the water moccasin but do no damage.
You grab the water moccasin.
The water moccasin is moderately wounded.
You constrict the water moccasin, but do no damage.
The water moccasin closely misses you. x2
Casting: Sting (safe; 4% risk of failure)
Confirm with . or Enter, or press ? or * to list all spells.
Aiming: Sting (safe; 4% risk of failure)
Press: ? - help, Shift-Dir - straight line, f/p - water moccasin
Aim: a water moccasin (moderately wounded, constricted by you, 98% to hit)
The sting hits the water moccasin.
The water moccasin partially resists.
The water moccasin is moderately wounded.
You constrict the water moccasin. The water moccasin barely misses you.
The water moccasin bites you.
You hit the water moccasin but do no damage.
The water moccasin is heavily wounded.
You constrict the water moccasin.
The water moccasin bites you but does no damage.
You hit the water moccasin.
The water moccasin is severely wounded.
You constrict the water moccasin, but do no damage.
The water moccasin bites you!
* * * LOW HITPOINT WARNING * * *
The water moccasin barely misses you.
You hit the water moccasin.
The water moccasin is severely wounded.
You constrict the water moccasin. The water moccasin bites you.
* * * LOW HITPOINT WARNING * * *
You are lethally poisoned!
The water moccasin poisons you! The water moccasin bites you!
You die...

...........
#........#...
..........#
#............
..........#
#######...##.
..........#
###..##
..........# ##..)
..........# ####
....S.....## #
.....>..#(.#####
##########.SS@.###
#####)..##
###..#######
##.......#
#######.######
#....... ########


You could see a water moccasin and an adder.

Vanquished Creatures
  Jessica (D:2)
  An orc wizard (D:3)
  2 adders
  A worm (D:2)
  2 dart slugs (D:2)
  3 orcs (D:3)
  3 bats
  6 endoplasms
  4 giant cockroaches
  3 goblins
  4 hobgoblins
  4 jackals (D:3)
  4 quokkas
  10 ball pythons
  2 frilled lizards
  6 kobolds
  3 rats
59 creatures vanquished.

Notes
Turn   | Place    | Note
-------+----------+-------------------------------------------
     0 | D:1      | Ijustatesigmund the Octopode Venom Mage began the quest for
                  | the Orb.
     0 | D:1      | Reached XP level 1. HP: 11/11 MP: 3/3
   315 | D:1      | Reached XP level 2. HP: 18/18 MP: 3/5
   321 | D:1      | Learned a level 2 spell: Poisonous Vapours
   400 | D:1      | Reached skill level 1 in Fighting
   648 | D:1      | Reached skill level 4 in Poison Magic
  1074 | D:2      | Reached XP level 3. HP: 23/23 MP: 6/6
  1078 | D:2      | Learned a level 3 spell: Mephitic Cloud
  1311 | D:2      | Found a faded altar of an unknown god.
  1666 | D:2      | Reached skill level 1 in Air Magic
  1911 | D:2      | Noticed Jessica
  1915 | D:2      | Killed Jessica
  1916 | D:2      | Reached skill level 1 in Conjurations
  1916 | D:2      | Reached XP level 4. HP: 25/29 MP: 4/7
  2066 | D:3      | Found a hazy altar of Hepliaklqana.
  2399 | D:3      | Found a glowing silver altar of Zin.
  2762 | D:3      | Reached XP level 5. HP: 29/34 MP: 4/9
  2844 | D:3      | Noticed a water moccasin
  2864 | D:3      | Slain by a water moccasin

Illustrated notes

Levels and vault maps discovered:
D:1:      heliophobic_arrival_battle_scene, layout_basic,
          palyth_stone_intersect, st_stairs_14
D:2:      layout_basic, ebering_ecumenical_altar_abandoned, uniq_jessica
D:3:      layout_rooms, lemuel_round_altar, mainiacjoe_overflow_boulevard,
          chequers_serial_rivers_marsh

Skill      XL: |  1  2  3  4 |
---------------+-------------+-----
Fighting       | 1 2 |  2.1
Poison Magic   | 4 |  4.5
Air Magic      | 1 |  1.7
Conjurations   | 1 |  1.4
Dodging        | |  2.0
Stealth        | |  2.6
Spellcasting   | |  2.8
Transmutations | |  1.0

Action                     |  1- 3 |  4- 6 || total
---------------------------+-------+-------++-------
  Melee: Unarmed           |    15 |       ||    15
         Constrict         |    15 |     8 ||    23
         Tentacles         |    10 |     6 ||    16
         Trident           |    43 |    46 ||    89
         Short sword       |    12 |       ||    12
         Punch             |     2 |       ||     2
   Cast: Sting             |     4 |     3 ||     7
         Poisonous Vapours |    18 |    15 ||    33
    Use: Scroll            |     3 |     1 ||     4
         Potion            |       |     2 ||     2
   Stab: Sleeping          |     6 |       ||     6
 Armour: Skin              |     4 |     1 ||     5
  Dodge: Dodged            |    38 |    31 ||    69

Table legend: (Time is in decaauts)
 A = Elapsed time spent in this place.
 B = Non-inter-level travel time spent in this place.
 C = Inter-level travel time spent in this place.
 D = Time resting spent in this place.
 E = Time spent auto-exploring this place.
 F = Levels seen in this place.
 G = Mean time per level.
                   A        B        C        D        E       F      G
               +--------+--------+--------+--------+--------+-----+--------+
         Total |   2888 |   2823 |     65 |    684 |   1751 |   3 |  962.7 |
       Dungeon |   2888 |   2823 |     65 |    684 |   1751 |   3 |  962.7 |
               +--------+--------+--------+--------+--------+-----+--------+

Top non-repeatable levels by time:
     D:2: 1090 daAuts
     D:1: 946 daAuts
     D:3: 851 daAuts
